 Dungeon Crawl Stone Soup version 0.23.1 (webtiles) character file.

Game seed: 14983167297472331682

10544 Lauz the Carver (level 11, -6/101 HPs)
             Began as a Minotaur Berserker on Mar 6, 2019.
             Was a High Priest of Trog.
             Mangled by a six-headed hydra (11 damage)
             ... on level 1 of the Lair of Beasts.
             The game lasted 00:28:36 (10184 turns).

Lauz the Carver (Minotaur Berserker)               Turns: 10184, Time: 00:28:40

Health: -6/101     AC: 15    Str: 27    XL:     11   Next: 37%
Magic:  10/10      EV: 13    Int:  4    God:    Trog [*****.]
Gold:   413        SH:  0    Dex: 17    Spells: 10/10 levels left

rFire    . . .     SeeInvis .   P - +3 scimitar of Ickem {flame, Fragile rElec rPois Dex+7}
rCold    . . .     Gourm    .   (no shield)
rNeg     . . .     Faith    .   O - +0 chain mail {MR+}
rPois    +         Spirit   .   (helmet restricted)
rElec    +         Reflect  .   (no cloak)
rCorr    .         Harm     .   (no gloves)
MR       +....                  s - +2 pair of boots {Fly}
Stlth    ..........             (no amulet)
HPRegen  0.26/turn              m - +2 ring of strength
MPRegen  0.12/turn              (no ring)

@: berserk cooldown, flying, slowed, studying Throwing, very slow
A: retaliatory headbutt, horns 2
a: Berserk, Trog's Hand, Brothers in Arms, Renounce Religion, Stop Flying


You were on level 1 of the Lair of Beasts.
You worshipped Trog.
Trog was extremely pleased with you.
You were hungry.

You visited 2 branches of the dungeon, and saw 11 of its levels.
You also visited: Ossuary.

You collected 413 gold pieces.

Inventory:

Hand Weapons
 a - a +1 falchion
 B - a +6 great sword of slicing
 C - the +6 long sword of Ruuhon {antimagic, rF+}
   (You took it off an orc on level 5 of the Dungeon)

   It reduces the magical energy of the wielder, and disrupts the spells and
   magical abilities of those hit.
   Natural abilities and divine invocations are not affected.
   It protects you from fire.
 P - the +3 scimitar of Ickem (weapon) {flame, Fragile rElec rPois Dex+7}
   (Trog gifted it to you on level 9 of the Dungeon)

   It has been specially enchanted to burn those struck by it, causing extra
   injury to most foes and up to half again as much damage against particularly
   susceptible opponents.
   Big, fiery blades are also staple armaments of hydra-hunters.
   It affects your dexterity (+7).
   It insulates you from electricity.
   It protects you from poison.
   It will be destroyed if unequipped.
 S - a +1 demon blade of venom
Missiles
 z - 5 poisoned javelins (quivered)
Armour
 b - a +0 animal skin
 n - a +0 ring mail
 p - a cursed +0 buckler
 s - a +2 pair of boots of flying (worn)
 v - a +2 scale mail of magic resistance
 x - a +0 buckler of reflection
 O - a +0 chain mail of magic resistance (worn)
Jewellery
 j - an uncursed ring of ice
 m - a +2 ring of strength (left hand)
 r - an uncursed ring of fire
Wands
 k - a wand of flame (20)
 D - a wand of polymorph (7)
 F - a wand of random effects (25)
 I - a wand of scattershot (7)
 K - a wand of paralysis (8)
Scrolls
 f - 8 scrolls of teleportation
 l - 8 scrolls of identify
 q - 5 scrolls of enchant weapon
 t - 2 scrolls of random uselessness {unknown}
 w - 3 scrolls of remove curse
 y - a scroll of noise
 L - a scroll of torment {unknown}
 M - 2 scrolls of enchant armour
 R - a scroll of immolation {unknown}
Potions
 d - a potion of brilliance {unknown}
 e - 3 potions of flight {unknown}
 g - 6 potions of curing
 h - 2 potions of heal wounds {unknown}
 i - 2 potions of lignification {unknown}
 o - 2 potions of haste {unknown}
 u - 3 potions of might {unknown}
 A - 2 potions of degeneration {unknown}
 E - 2 potions of berserk rage {unknown}
 G - a potion of cancellation {unknown}
 H - a potion of experience {unknown}
 N - a potion of mutation {unknown}
Books
 J - a manual of Throwing
Comestibles
 c - 28 rations
 Q - 5 chunks of flesh


   Skills:
 + Level 10.6 Fighting
 + Level 14.2 Long Blades
 + Level 0.2 Throwing
 * Level 10.6 Armour
 * Level 6.7 Dodging


You had 10 spell levels left.
You didn't know any spells.
Your spell library was empty.

Dungeon Overview and Level Annotations

Branches:
Dungeon (10/15)            Temple (0/1) D:6            Lair (1/6) D:10
    Orc: D:9-12

Altars:
Fedhas
Gozag
Hepliaklqana
Vehumet
Xom
The Shining One

Shops:
D:8 *

Annotations:
D:6 exclusion: oklob plant


Innate Abilities, Weirdness & Mutations

You reflexively headbutt those who attack you in melee.
You have a pair of horns on your head.


Message History

Aim: a six-headed hydra (moderately wounded, chance to defeat MR: 15%)
Okay, then.
As you read the scroll labeled ZIYM IJUHOTZU, it crumbles to dust.
It is a scroll of enchant armour.
Your +1 pair of boots of flying glows green for a moment.
The yak misses you. You furiously retaliate!
You headbutt the yak!
The six-headed hydra barely misses you. x3; The six-headed hydra misses you.
The six-headed hydra bites you.
* * * LOW HITPOINT WARNING * * *
The six-headed hydra bites you but does no damage.
The yak misses you. You furiously retaliate!
You headbutt the yak! The yak gores you but does no damage.
You feel better. The six-headed hydra bites you!
* * * LOW HITPOINT WARNING * * *
The six-headed hydra completely misses you.
The six-headed hydra bites you.
* * * LOW HITPOINT WARNING * * *
The six-headed hydra bites you but does no damage. x2
The six-headed hydra bites you!
You die...

...........................
..................#........
........###.#÷.............
.......##.⌠.##............≈
.......#.....#..........≈≈≈
........⌠.>.⌠#...#P.#..≈≈≈≈
................#####.≈≈≈≈≈
.......##...##### ≈≈≈≈..
....##.###@### ≈≈≈≈.> .##
##..DYY.# ≈≈≈ #...........#
#......####.....# #..#.##
#.#..# .. #. .# .. . . . Y
# #


You could see a six-headed hydra and 2 yaks.

Vanquished Creatures
  A two-headed ogre (D:8)
  A deep elf mage (D:10)
  Psyche (D:8)
  A komodo dragon (Lair:1)
  A troll (D:9)
  A queen bee (D:8)
  2 hippogriffs
  A wyvern (D:10)
  12 yaks
  A hungry ghost (D:7)
  A water moccasin (D:10)
  2 porcupines (Lair:1)
  2 ice beasts
  3 sky beasts
  An orc warrior (D:7)
  A hornet zombie (D:8)
  2 black bears
  5 ogres
  The ghost of Frank the Shield-Bearer, an amateur OpFi (D:3)
  6 centaurs
  A crocodile (Lair:1)
  6 bullfrogs
  4 elf zombies (Ossuary)
  2 scorpions
  A water moccasin skeleton (D:7)
  18 killer bees
  4 howler monkeys
  5 crimson imps
  A quasit (D:8)
  3 centaur skeletons
  2 centaur zombies
  3 hounds
  3 jellies
  4 orc priests
  Crazy Yiuf (D:5)
  2 bullfrog skeletons
  5 orc wizards
  4 iguanas
  Jessica (D:2)
  Natasha (thrice) (D:4)
  2 worker ants (D:6)
  A big kobold zombie (Ossuary)
  3 mummies
  A worker ant zombie (D:5)
  15 adders
  A hound simulacrum (D:3)
  5 shadow imps
  An adder zombie (Ossuary)
  4 oozes
  2 adder skeletons
  6 worms
  3 dart slugs
  2 adder simulacra (D:3)
  3 leopard geckos
  21 orcs
  2 ball pythons (D:3)
  2 giant cockroaches (D:3)
  5 goblins
  11 hobgoblins
  10 jackals
  8 kobolds
  3 quokkas
  11 bats
  10 frilled lizards
  10 hobgoblin zombies (Ossuary)
  A jackal simulacrum (D:3)
  13 kobold zombies (Ossuary)
  A leopard gecko simulacrum (D:3)
  6 orc zombies (Ossuary)
  A quokka skeleton (D:7)
  A quokka zombie (D:5)
  4 rats
  A rat zombie (Ossuary)
289 creatures vanquished.

Notes
Turn   | Place    | Note
-------+----------+-------------------------------------------
     0 | D:1      | Lauz the Minotaur Berserker began the quest for the Orb.
     0 | D:1      | Reached XP level 1. HP: 19/19 MP: 0/0
   154 | D:1      | Reached XP level 2. HP: 13/27 MP: 1/1
   381 | D:1      | Reached skill level 4 in Long Blades
   748 | D:1      | Reached XP level 3. HP: 33/33 MP: 2/2
   779 | D:1      | Reached ** piety under Trog
  1090 | D:2      | Reached XP level 4. HP: 34/41 MP: 3/3
  1228 | D:2      | Noticed Jessica
  1234 | D:2      | Killed Jessica
  1234 | D:2      | Reached skill level 5 in Long Blades
  1740 | D:2      | Reached XP level 5. HP: 40/47 MP: 4/4
  1744 | D:2      | Reached *** piety under Trog
  1966 | D:3      | Reached skill level 5 in Fighting
  2166 | D:3      | Found a runed translucent gate.
  2168 | D:3      | Found a runed translucent gate.
  2171 | D:3      | Found a runed translucent gate.
  2225 | D:3      | Noticed Frank's ghost (amateur OpFi)
  2338 | D:3      | Killed Frank's ghost
  2338 | D:3      | Reached skill level 6 in Long Blades
  2338 | D:3      | Reached XP level 6. HP: 50/56 MP: 5/5
  3178 | D:4      | Reached skill level 7 in Long Blades
  3178 | D:4      | Reached XP level 7. HP: 45/62 MP: 6/6
  3234 | D:4      | Reached **** piety under Trog
  3297 | D:4      | Noticed Natasha
  3306 | D:4      | Killed Natasha
  3350 | D:4      | Noticed Natasha
  3358 | D:4      | Killed Natasha
  3482 | D:4      | Noticed Natasha
  3494 | D:4      | Killed Natasha
  3727 | D:5      | Entered Level 5 of the Dungeon
  3727 | D:5      | Found a glowing golden altar of the Shining One.
  3802 | D:5      | Identified the +6 long sword of Ruuhon {antimagic, rF+}
  4072 | D:5      | Reached skill level 5 in Armour
  4077 | D:5      | Found an opulent altar of Gozag.
  4198 | D:5      | Found a radiant altar of Vehumet.
  4251 | D:5      | Reached skill level 8 in Long Blades
  4378 | D:5      | Reached XP level 8. HP: 71/71 MP: 2/7
  4410 | D:5      | Found a runed translucent door.
  4411 | D:5      | Noticed Crazy Yiuf
  4712 | D:5      | Killed Crazy Yiuf
  5387 | D:6      | Found a blossoming altar of Fedhas.
  5398 | D:6      | Noticed an oklob plant
  5484 | D:6      | Found a staircase to the Ecumenical Temple.
  5498 | D:6      | Reached skill level 9 in Long Blades
  5503 | D:6      | Reached ***** piety under Trog
  5881 | D:7      | Identified a scroll of acquirement
  5938 | D:7      | Found a sand-covered staircase.
  5946 | Ossuary  | Entered an ossuary
  5984 | Ossuary  | Received a gift from Trog
  6073 | Ossuary  | Reached XP level 9. HP: 64/79 MP: 2/8
  6112 | Ossuary  | Received a gift from Trog
  6196 | D:7      | Reached skill level 10 in Long Blades
  6200 | D:7      | Found a hazy altar of Hepliaklqana.
  6201 | D:7      | Found a shimmering altar of Xom.
  6202 | D:7      | Noticed a spectral ugly thing
  6785 | D:8      | Reached skill level 11 in Long Blades
  6787 | D:8      | Noticed a queen bee
  6801 | D:8      | Reached skill level 5 in Dodging
  6808 | D:8      | Killed a queen bee
  7081 | D:8      | Reached skill level 12 in Long Blades
  7129 | D:8      | Reached XP level 10. HP: 76/90 MP: 9/9
  7317 | D:8      | Noticed a two-headed ogre
  7325 | D:8      | Killed a two-headed ogre
  7578 | D:8      | Found Sogaobin's General Store.
  7630 | D:8      | Noticed Psyche
  7650 | D:8      | Killed Psyche
  8010 | D:8      | Reached skill level 13 in Long Blades
  8699 | D:9      | Received a gift from Trog
  8703 | D:9      | Got a shimmering scimitar {god gift}
  8704 | D:9      | Identified the +3 scimitar of Ickem {flame, Fragile rElec
                  | rPois Dex+7} (Trog gifted it to you on level 9 of the
                  | Dungeon)
  9046 | D:10     | Entered Level 10 of the Dungeon
  9087 | D:10     | Reached skill level 10 in Fighting
  9090 | D:10     | Noticed a deep elf mage
  9095 | D:10     | Killed a deep elf mage
  9096 | D:10     | Noticed a deep elf mage
  9096 | D:10     | Noticed a manticore
  9119 | D:10     | Reached XP level 11. HP: 81/100 MP: 10/10
  9134 | D:9      | Reached skill level 10 in Armour
  9725 | D:10     | Found a staircase to the Lair.
  9852 | Lair:1   | Entered Level 1 of the Lair of Beasts
  9995 | Lair:1   | Reached skill level 14 in Long Blades
 10160 | Lair:1   | Noticed an eight-headed hydra
 10184 | Lair:1   | HP: 5/101 [six-headed hydra (2)]
 10184 | Lair:1   | Mangled by a six-headed hydra

Skill      XL: |  1  2  3  4  5  6  7  8  9 10 11 |
---------------+----------------------------------+-----
Fighting       | 4 5 6 7 8 10 | 10.6
Long Blades    | 4 5 6 7 8 9 12 13 14 | 14.2
Armour         | 3 4 5 7 8 9 10 | 10.6
Dodging        | 3 4 5 6 |  6.7
Throwing       | |  0.2

Action                   |  1- 3 |  4- 6 |  7- 9 | 10-12 || total
-------------------------+-------+-------+-------+-------++-------
Melee: Falchion          |    69 |   144 |    64 |       ||   277
       Headbutt          |    15 |    29 |    46 |    45 ||   135
       Long sword        |       |       |   145 |       ||   145
       Great sword       |       |       |    60 |    48 ||   108
       Scimitar          |       |       |       |    84 ||    84
       Unarmed           |       |       |       |     1 ||     1
Throw: Javelin           |       |       |       |     1 ||     1
Invok: Berserk           |       |     1 |     1 |     1 ||     3
  Use: Scroll            |       |       |    11 |     2 ||    13
       Potion            |       |       |       |     1 ||     1
  Eat: Chunk             |     1 |     6 |    12 |    10 ||    29
       Ration            |       |       |     1 |       ||     1
Armor: Animal skin       |    13 |       |       |       ||    13
       Ring mail         |       |    15 |       |       ||    15
       Scale mail        |       |    15 |   102 |     8 ||   125
       Chain mail        |       |       |       |    60 ||    60
Dodge: Dodged            |    48 |    59 |   176 |    82 ||   365
       Rpst.: Falchion   |    13 |    14 |    10 |       ||    37
       Long sword        |       |       |    24 |       ||    24
       Great sword       |       |       |    15 |     8 ||    23
       Scimitar          |       |       |       |     8 ||     8
